cohdb
Replays
Latest Replays
All Replays
Popular Replays
Top Player Replays
Match Explorer
How It Works
Community
CoH3 Stats
Reddit
Sign in to upload your games and track your stats! →
Sign in with Steam
Match 43614378
Unlisted
Match 43614378
Overview
Messages
Build Orders
End
Construct Barracks
Selects Heavy Weapons
Riflemen Squad
1⁄4-ton 4x4 Truck
Riflemen Squad
Grenade Package
Selects Assault Carriers
Riflemen Squad
Construct Medical Station
Construct Medical Station
Infantry Support Center
Construct Weapon Support Center
Selects Exchangeable Parts
M3 Assault Carrier
Riflemen Squad
Advanced Logistics
M1919 Machine Gun Team
Engineer Squad
M1918 Browning Automatic Rifles
Survival Training
M3 Assault Carrier
Selects M26 Pershing Heavy Tank
M26 Pershing Heavy Tank
Scout Squad
Selects M2HB .50cal Heavy Machine Gun
Riflemen Squad
Engineer Squad
Construct Motor Pool
Munitions Surplus
Demolitions Package
Selects Rapid Reposition
Engineer Squad
M1 Anti-tank Gun Team
M1919 Machine Gun Team
Selects Bolstered Team Weapons
.30 cal Machine Gun
LoCo|StetoGuy
Vryru
Germal
Dromaeda
SmeltedElk
Blanco
0
0
Comments
sign in to comment!
No comments posted yet!